 Seeded DCSS version 0.29-a0-356-g7bc237e783 (webtiles) character file.

Game seed: 13387057801375688922 (custom seed)

411 zeratav the Digger (level 6, -6/36 HPs)
             Began as an Octopode Earth Elementalist on Apr 26, 2022.
             Splashed by a jelly's acid (8 damage)
             ... on level 4 of the Dungeon.
             The game lasted 00:05:01 (3869 turns).

zeratav the Digger (Octopode Earth Elementalist)    Turns: 3869, Time: 00:05:02

Health: -6/36      AC: -3    Str:  8    XL:     6   Next: 90%
Magic:  5/9        EV: 12    Int: 19    God:
Gold:   133        SH:  8    Dex: 12    Spells: 8/9 levels left

rFire   . . .      SeeInvis .   l - +4 club (spect) {mace}
rCold   . . .      Faith    .   f - +3 warlock's mirror {reflect}
rNeg    . . .      Spirit   .   (helmet restricted)
rPois   .          Reflect  +   (no amulet)
rElec   .          Harm     .   (no ring)
rCorr   .          Rampage  .   (no ring)
Will    .....                   (no ring)
Stlth   +++.......              (no ring)
HPRegen 0.12/turn               (no ring)
MPRegen 0.11/turn               (no ring)
                                (no ring)
                                (no ring)

@: corroded
A: almost no armour, amphibious, 8 rings, camouflage 1, gelatinous body 1,
(nimble swimmer 1), tentacles
a: no special abilities


You were on level 4 of the Dungeon.
You visited 1 branch of the dungeon, and saw 4 of its levels.

You collected 133 gold pieces.


Innate Abilities, Weirdness & Mutations

You cannot wear most types of armour.
You are amphibious.
You can wear up to eight rings at the same time.
Your skin changes colour to match your surroundings (Stealth+).
Your rubbery body absorbs attacks. (AC +1, EV +1)
((You are camouflaged when in or above water. (Stealth+)))
You have tentacles for arms and can constrict up to eight enemies at once.


   Skills:
 - Level 2.0 Dodging
 - Level 2.6 Stealth
 - Level 4.0 Shields
 - Level 2.0 Spellcasting
 - Level 1.0 Transmutations
 + Level 6.2 Earth Magic


You had 8 spell levels left.
You knew the following spells:

 Your Spells              Type           Power      Damage    Failure   Level
a - Sandblast             Erth           50%        2d12      1%          1

Your spell library contained the following spells:

 Spells                   Type           Power      Damage    Failure   Level
 Passwall                 Tmut/Erth      12%        N/A       8%          2
 Stone Arrow              Conj/Erth      26%        3d8       19%         3
 Wereblood                Tmut           5%         N/A       22%         2
 Sublimation of Blood     Necr           1%         N/A       32%         2
 Petrify                  Tmut/Erth      15%        N/A       43%         4
 Summon Hydra             Summ           0%         N/A       100%        7

Inventory:

Hand Weapons
 l - a +4 spectral club (weapon) {mace}
   (You took it off Jessica on level 2 of the Dungeon)
Missiles
 a - 29 stones {throwing}
Armour
 f - the +3 warlock's mirror (worn) {reflect}
   (You acquired it on level 1 of the Dungeon)

   It can block and reflect piercing ranged attacks and magical attacks against
   the wielder's willpower.
Jewellery
 p - an amulet of faith {!P}
   (You found it on level 2 of the Dungeon)
Scrolls
 c - 2 scrolls of teleportation {unknown}
 g - a scroll of enchant weapon {unknown}
 h - 2 scrolls of enchant armour {unknown}
 k - a scroll of vulnerability {unknown}
 q - a scroll of fear {unknown}
Potions
 b - a potion of magic
 d - 7 potions of curing {unknown}
 e - a potion of cancellation {unknown}
 i - a potion of heal wounds {unknown}
 j - a potion of attraction {unknown}
 m - a potion of berserk rage {unknown}
 n - 2 potions of flight {unknown}
 o - 2 potions of lignification {unknown}
 r - a potion of ambrosia {unknown}
 s - a potion of mutation {unknown}

Dungeon Overview and Level Annotations

Branches:
Dungeon (4/15)
 Temple: D:4-7

Altars:
Xom

Annotations:
D:2 1 runed translucent door, Crazy Yiuf

######..#†..#..#
##.......#...#..#
#..#.#...##.##..#
#.[._......#....#
#..#.#####...##.#
########....#
######..
#...?.......# #..
#...........#
#.....§@....#
#.....)J(...#
.....!...####
.........#
.........#
.........#
.........#
..........


You could see a jelly and a friendly +4 spectral club {mace} (summoned).


Message History

MP[-1]
You lost 1 mp, and now have 3/9 mp.
The blast of sand hits the iguana!
You kill the iguana!
MP[-1]
You lost 1 mp, and now have 2/9 mp.
You can't see any susceptible monsters within range! (Use Z to cast anyway.)
A ball python comes into view.
MP[+3]
You regained 3 mp, and now have 5/9 mp.
A ball python is nearby!
The blast of sand hits the ball python!
You kill the ball python!
MP[-1]
You lost 1 mp, and now have 4/9 mp.
a - 39 stones {throwing} (gained 25)
You now have 133 gold pieces (gained 12).
You see here a ball python corpse.
d - 7 brown potions (gained 2)
Found a shimmering altar of Xom.
MP[+5]
Your mp is fully restored (9).
A phantom comes into view.
The blast of sand hits the phantom but does no damage.
MP[-1]
You lost 1 mp, and now have 8/9 mp.
The blast of sand hits the phantom!
The phantom closely misses you.
MP[-1]
You lost 1 mp, and now have 7/9 mp.
The blast of sand misses the phantom.
The phantom hits you but does no damage.
MP[-1]
You lost 1 mp, and now have 6/9 mp.
The blast of sand hits the phantom!
You block the phantom's attack.
MP[-1]
You lost 1 mp, and now have 5/9 mp.
The blast of sand hits the phantom!
You destroy the phantom!
Training target 4.0 for Shields reached!
Your Shields skill increases to level 4!
MP[-1]
You lost 1 mp, and now have 4/9 mp.
You can't see any susceptible monsters within range! (Use Z to cast anyway.)
An orc comes into view. It is wielding a +0 flail.
The orc shouts!
A ball python comes into view.
MP[+5]
Your mp is fully restored (9).
A jelly comes into view.
An ogre comes into view. It is wielding a +0 giant spiked club.
The blast of sand hits the orc.
The ogre shouts!
The jelly quivers.
MP[-1]
You lost 1 mp, and now have 8/9 mp.
The blast of sand hits the orc!
You kill the orc!
MP[-1]
You lost 1 mp, and now have 7/9 mp.
The blast of sand hits the ball python!
You kill the ball python!
MP[-1]
You lost 1 mp, and now have 6/9 mp.
Things that are here:
a +0 flail {mace}; an orc corpse The blast of sand hits the ogre!
The ogre hits you with a +0 giant spiked club!!
Ouch! That really hurt!
* * * LOW HITPOINT WARNING * * *
HP[-30] MP[-1]
You take 30 damage, and now have 6/36 hp.
MASSIVE DAMAGE!! (PAUSE)
You lost 1 mp, and now have 5/9 mp.
You are too injured to fight recklessly!
Casting: Sandblast (safe; 1% risk of failure)
Confirm with . or Enter, or press ? or * to list all spells.
Aiming: Sandblast (safe; 1% risk of failure)
Press: ? - help, Shift-Dir - straight line, f/p - ogre
Aim: an ogre, wielding a +0 giant spiked club (moderately wounded, 91% to hit)
The blast of sand hits the ogre.
You block the jelly's attack.
MP[-1]
You lost 1 mp, and now have 4/9 mp.
You hit the ogre.
Your +4 spectral club {mace} hits the ogre.
The ogre closely misses you. The jelly hits you but does no damage.
You hit the ogre.
You kill the ogre!
You block the jelly's attack.
Your Earth Magic skill increases to level 6!
HP[+1]
You hit the jelly.
Your tentacles burn!
* * * LOW HITPOINT WARNING * * *
Your +4 spectral club {mace} hits the jelly!
Your +4 spectral club {mace} is burned by acid!
Your spectral weapon shares its damage with you!
* * * LOW HITPOINT WARNING * * *
The jelly hits you but does no damage. The jelly hits you.
* * * LOW HITPOINT WARNING * * *
The acid corrodes you!
You are splashed with acid!
You die...

Skill      XL: |  1  2  3  4  5  6 |
---------------+-------------------+-----
Shields        | 1 2 3 4 |  4.0
Earth Magic    | 4 5 6 |  6.2
Dodging        | |  2.0
Stealth        | |  2.6
Spellcasting   | |  2.0
Transmutations | |  1.0

Action                   |  1- 3 |  4- 6 || total
-------------------------+-------+-------++-------
Melee: Unarmed           |    15 |       ||    15
       Constrict         |     4 |     2 ||     6
       Tentacles         |     2 |     1 ||     3
       Punch             |     1 |       ||     1
       Club              |     2 |    10 ||    12
 Cast: Sandblast         |    34 |    88 ||   122
  Use: Scroll            |     1 |       ||     1
Armor: Skin              |     2 |     5 ||     7
Dodge: Dodged            |    12 |    33 ||    45
Block: Buckler           |       |    11 ||    11

Levels and vault maps discovered:
D:1:      saegor_arrival_fortress, layout_rooms,
          shapermc_ecumenical_altar_acropolis, hangedman_decor_riveting
D:2:      layout_loops_corners, serial_rivers, chequers_serial_rivers_micro_a,
          chequers_serial_rivers_room_b, chequers_serial_rivers_large_b,
          chequers_serial_rivers_micro_b, minmay_randomly_rotated_circles,
          uniq_crazy_yiuf_cottage, uniq_terence, uniq_jessica
D:3:      layout_loops_cross, nicolae_overflow_hidden_temple
D:4:      layout_basic, lemuel_crystal_altar, mainiacjoe_overflow_alcove_2,
          minmay_distorted

Notes
Turn   | Place    | Note
-------+----------+-------------------------------------------
     0 | D:1      | zeratav the Octopode Earth Elementalist began the quest for
                  | the Orb.
     0 | D:1      | Reached XP level 1. HP: 11/11 MP: 3/3
     0 | D:1      | magus.rc [v1.9.6]
   236 | D:1      | Reached XP level 2. HP: 15/17 MP: 1/5
   301 | D:1      | Identified a scroll of acquirement
   301 | D:1      | Acquired the +3 warlock's mirror {reflect}
   301 | D:1      | Found the +3 warlock's mirror {reflect}
   369 | D:1      | Found a faded altar of an unknown god.
   587 | D:1      | You pick up a book of Blood and begin reading...
   587 | D:1      | You add the spells Sublimation of Blood, Wereblood and
                  | Summon Hydra to your library.
   778 | D:1      | Reached skill level 1 in Shields
   828 | D:1      | You pick up a book of Geomancy and begin reading...
  1017 | D:2      | Noticed Jessica
  1018 | D:2      | Killed Jessica
  1019 | D:2      | Reached skill level 4 in Earth Magic
  1019 | D:2      | Reached XP level 3. HP: 21/21 MP: 4/6
  1171 | D:2      | Noticed Terence
  1180 | D:2      | Killed Terence
  1181 | D:2      | Reached skill level 2 in Shields
  1181 | D:2      | Reached XP level 4. HP: 15/27 MP: 2/7
  1882 | D:2      | Reached XP level 5. HP: 28/31 MP: 4/8
  2460 | D:2      | Found a runed translucent door.
  2461 | D:2      | Noticed Crazy Yiuf
  2834 | D:3      | Reached skill level 3 in Shields
  3210 | D:3      | Reached skill level 5 in Earth Magic
  3644 | D:3      | Reached XP level 6. HP: 36/36 MP: 7/9
  3802 | D:4      | Found a shimmering altar of Xom.
  3818 | D:4      | Reached skill level 4 in Shields
  3865 | D:4      | HP: 6/36 [ogre/+0 giant spiked club (30)]
  3869 | D:4      | Reached skill level 6 in Earth Magic
  3869 | D:4      | HP: 2/36 [jelly (1)]
  3869 | D:4      | Splashed by a jelly's acid

Vanquished Creatures
  An ogre (D:4)
  A phantom (D:4)
  A jelly (D:3)
  Jessica (D:2)
  Terence (D:2)
  An iguana (D:4)
  7 adders
  2 worms (D:2)
  A dart slug (D:3)
  5 orcs
  9 ball pythons
  4 bats
  8 endoplasms
  6 giant cockroaches
  5 goblins
  8 hobgoblins
  5 quokkas
  4 frilled lizards (D:1)
  2 kobolds (D:1)
  6 rats
78 creatures vanquished.

Table legend:
 A = Non-vault XP
 B = Vault XP
 C = Vault XP percentage of total XP
 D = Non-vault monster count
 E = Vault monster count
 F = Vault count percentage of total count
                 A         B        C        D         E       F
            +---------+---------+-------+---------+---------+-------
      Total |     468 |     120 |  20.4 |      67 |      11 |  14.1
            +---------+---------+-------+---------+---------+-------
        D:1 |      29 |       0 |   0.0 |      20 |       0 |   0.0
        D:2 |      79 |      82 |  50.9 |      21 |       8 |  27.6
        D:3 |     133 |       0 |   0.0 |      20 |       0 |   0.0
        D:4 |     227 |      38 |  14.3 |       6 |       3 |  33.3
            +---------+---------+-------+---------+---------+-------

Illustrated notes

Table legend:
 A = Kills in this place as a percentage of kills in entire the game.
 B = Kills by you in this place as a percentage of kills by you in the entire game.
 C = Kills by friends in this place as a percentage of kills by friends in the entire game.
 D = Other kills in this place as a percentage of other kills in the entire game.
 E = Experience gained in this place as a percentage of experience gained in the entire game.
 F = Experience gained in this place divided by the number of levels of this place that you have seen.
                   A       B       C       D       E      F
               +-------+-------+-------+-------+-------+----------------------
         Total | 100.0 | 100.0 |   N/A |   N/A | 100.0 | 147.0
       Dungeon | 100.0 | 100.0 |   N/A |   N/A | 100.0 | 147.0
               +-------+-------+-------+-------+-------+----------------------

Table legend: (Time is in decaauts)
 A = Elapsed time spent in this place.
 B = Non-inter-level travel time spent in this place.
 C = Inter-level travel time spent in this place.
 D = Time resting spent in this place.
 E = Time spent auto-exploring this place.
 F = Levels seen in this place.
 G = Mean time per level.
                   A        B        C        D        E       F      G
               +--------+--------+--------+--------+--------+-----+--------+
         Total |   3870 |   3746 |    124 |    512 |   2852 |   4 |  967.5 |
       Dungeon |   3870 |   3746 |    124 |    512 |   2852 |   4 |  967.5 |
               +--------+--------+--------+--------+--------+-----+--------+

Top non-repeatable levels by time:
     D:2: 1914 daAuts
     D:1: 916 daAuts
     D:3: 858 daAuts
     D:4: 181 daAuts
